 Dungeon Crawl Stone Soup version 0.24-a0-530-g18ba70b503 (webtiles) character file.

Game seed: 5487315411316970254

165 DasRunzen the Skirmisher (level 5, 0/63 HPs)
             Began as a Demonspawn Fighter on Aug 7, 2019.
             Succumbed to a hornet's poison
             ... on level 4 of the Dungeon.
             The game lasted 00:03:24 (1992 turns).

DasRunzen the Skirmisher (Demonspawn Fighter)       Turns: 1992, Time: 00:03:25

Health: 0/63       AC: 11    Str: 23    XL:     5   Next: 22%
Magic:  5/5        EV: 10    Int:  9    God:
Gold:   210        SH:  9    Dex: 12    Spells: 4/4 levels left

rFire    . . .     SeeInvis .   a - +0 war axe
rCold    . . .     Gourm    .   c - +0 shield
rNeg     . . .     Faith    .   b - +0 scale mail
rPois    .         Spirit   .   (helmet restricted)
rElec    .         Reflect  .   (no cloak)
rCorr    .         Harm     .   k - +2 pair of gloves
MR       .....                  l - +0 pair of boots
Stlth    ..........             (no amulet)
HPRegen  0.20/turn              (no ring)
MPRegen  0.09/turn              (no ring)

@: mighty, berserking, lethally poisoned (0 -> -6), very quick
A: horns 1, repulsion field 2, powered by death 1
a: no special abilities


You were on level 4 of the Dungeon.
You were not hungry.

You visited 1 branch of the dungeon, and saw 4 of its levels.

You collected 210 gold pieces.

Inventory:

Hand Weapons
 a - a +0 war axe (weapon)
Armour
 b - a +0 scale mail (worn)
 c - a +0 shield (worn)
 k - a +2 pair of gloves (worn)
 l - a +0 pair of boots (worn)
Scrolls
 g - a scroll of remove curse
 j - a scroll of enchant armour {unknown}
 m - 3 scrolls of identify
Potions
 e - 2 potions of berserk rage
Comestibles
 f - 5 rations


   Skills:
 + Level 3.9 Fighting
 + Level 2.9 Axes
 + Level 3.6 Armour
 + Level 3.4 Shields


You had 4 spell levels left.
You didn't know any spells.
Your spell library was empty.

Dungeon Overview and Level Annotations

Branches:
Dungeon (4/15)
 Temple: D:4-7

Altars:
Nemelex Xobeh
Yredelemnul

Annotations:
D:4 Natasha


Innate Abilities, Weirdness & Mutations

You have a pair of small horns on your head.
You are surrounded by a moderate repulsion field. (EV +3)
You regenerate a little health from kills.


Message History

Unknown command.
You feel very mighty all of a sudden. You block the hornet's attack.
The jackal bites you but does no damage.
The quokka skeleton closely misses you. Natasha claws you.
The scorpion stings you!
* * * LOW HITPOINT WARNING * * *
The iguana bites you.
* * * LOW HITPOINT WARNING * * *
The hornet stings you.
* * * LOW HITPOINT WARNING * * *
You are lethally poisoned!
You feel yourself slow down.
An iguana comes into view.
You block the jackal's attack.
Unknown command.
A red film seems to cover your vision as you go berserk!
You feel yourself moving faster!
You feel mighty!
You feel yourself speed up.
You die...

.......#
##......#+##.
#...#... ....
#......#.....
#......+.....
###............
.......h.....#
###..#Zly..l#..
#.....h@h###...
#...#..s.# .
##. #....# ..
#..... .
#......
#.......
#........
#.....#...


You could see a hornet, a scorpion, 2 iguanas, Natasha, 2 jackals and a quokka
skeleton.

Vanquished Creatures
  A howler monkey (D:4)
  2 adders
  3 oozes
  3 worms
  5 dart slugs
  A leopard gecko (D:2)
  An orc (D:4)
  6 giant cockroaches
  9 goblins
  10 hobgoblins
  8 kobolds
  A quokka (D:3)
  2 ball pythons
  12 bats
  6 frilled lizards
  9 rats
79 creatures vanquished.

Notes
Turn   | Place    | Note
-------+----------+-------------------------------------------
     0 | D:1      | DasRunzen the Demonspawn Fighter began the quest for the
                  | Orb.
     0 | D:1      | Reached XP level 1. HP: 18/18 MP: 1/1
   111 | D:1      | Gained mutation: You are surrounded by a mild repulsion
                  | field. (EV +2) [demonic ancestry]
   111 | D:1      | Reached XP level 2. HP: 24/24 MP: 2/2
   349 | D:1      | Gained mutation: You are surrounded by a moderate repulsion
                  | field. (EV +3) [demonic ancestry]
   349 | D:1      | Reached XP level 3. HP: 29/29 MP: 3/3
  1246 | D:2      | Gained mutation: You have a pair of small horns on your
                  | head. [demonic ancestry]
  1246 | D:2      | Reached XP level 4. HP: 22/35 MP: 4/4
  1768 | D:3      | Found a basalt altar of Yredelemnul.
  1768 | D:3      | Found a sparkling altar of Nemelex Xobeh.
  1983 | D:3      | You fall into a shaft and drop 1 floor!
  1985 | D:4      | Noticed Natasha
  1986 | D:4      | Noticed a hornet
  1990 | D:4      | Gained mutation: You regenerate a little health from kills.
                  | [demonic ancestry]
  1990 | D:4      | Reached XP level 5. HP: 30/42 MP: 5/5
  1991 | D:4      | HP: 2/42 [iguana (6)]
  1992 | D:4      | Succumbed to a hornet's poison

Levels and vault maps discovered:
D:1:      dpeg_arrival_subterranean_lakeside_camping, layout_basic
D:2:      layout_loops_ring
D:3:      layout_loops_cross, chequers_temple_overflow_statue_of_worship
D:4:      kennysheep_spiral_hall, layout_basic, serial_glass, glass_columns_b,
          glass_columns_b, portal_sewer_entry_a, minmay_misc_feat_square,
          uniq_ijyb, uniq_natasha

Skill      XL: |  1  2 |
---------------+-------+-----
Axes           | 2 |  2.9
Armour         | 3 |  3.6
Shields        | 3 |  3.4
Fighting       | |  3.9

Action                   |  1- 3 |  4- 6 || total
-------------------------+-------+-------++-------
Melee: War axe           |   117 |    74 ||   191
       Headbutt          |       |    11 ||    11
  Use: Scroll            |     3 |     2 ||     5
       Potion            |       |     2 ||     2
  Eat: Chunk             |       |     4 ||     4
Armor: Scale mail        |    43 |    37 ||    80
Dodge: Dodged            |    35 |    32 ||    67
Block: Shield            |    52 |    46 ||    98

Table legend:
 A = Non-vault XP
 B = Vault XP
 C = Vault XP percentage of total XP
 D = Non-vault monster count
 E = Vault monster count
 F = Vault count percentage of total count
                 A         B        C        D         E       F
            +---------+---------+-------+---------+---------+-------
      Total |     229 |       8 |   3.4 |      73 |       6 |   7.6
            +---------+---------+-------+---------+---------+-------
        D:1 |      60 |       8 |  11.8 |      29 |       6 |  17.1
        D:2 |      60 |       0 |   0.0 |      22 |       0 |   0.0
        D:3 |      57 |       0 |   0.0 |      20 |       0 |   0.0
        D:4 |      52 |       0 |   0.0 |       2 |       0 |   0.0
            +---------+---------+-------+---------+---------+-------
